Elenmirie, neutral female gnomish Healer -- --- --- -.| -- --.---.--- ... --.---........| .... |.............| ... -- |.............-- - .. ---. ---............| #-..#-.... -------........-- ##....... |..........*.--- |......... ---........<...| ---->........ #...-----......| ............ ---.--- ---.-..--- ..........- |...| |......| -........------.--- ---....| |...............| -- |...-- --- ---.......| ..------ ---.- --I..*...........| |.. - | ----------).............| --- |...........................| ----- ---------.....|.--.| -- ----.---- -- --- Elenmirie the Rhizotomist Experience level: 1 Strength: 11 Dexterity: 8 Constitution: 14 Intelligence: 10 Wisdom: 17 Charisma: 16 Health: 0(21) Energy: 4(4) Def: 3 Gold: 0 Moves: 1547 Dungeon seed: 6OiPUSIb69GaLYLH Game ID: Elenmirie_1654938702 Your Inventory: Weapons a - an uncursed +0 scalpel l - 10 uncursed +0 crossbow bolts n - a blessed +0 orcish dagger (weapon in hand) v - an uncursed +0 orcish dagger C - 10 uncursed +0 darts E - a cursed -2 long sword Armor r - an uncursed +0 pair of speed boots (being worn) s - an uncursed +1 pair of leather gloves (being worn) Comestibles k - 4 uncursed apples G - an uncursed pancake Scrolls F - an uncursed scroll of magic mapping Rings B - a cursed ring of hunger Wands g - an uncursed wand of sleep (0:5) Tools e - an uncursed lock pick q - an uncursed oil lamp (0:847) t - an uncursed tinning kit (0:65) w - an uncursed sack x - an uncursed towel y - an uncursed sack P - an uncursed stethoscope Contents of the sack: 1247 gold pieces an uncursed scroll of fire a blessed spellbook of extra healing a blessed spellbook of healing a blessed spellbook of stone to flesh 3 uncursed potions of extra healing an uncursed potion of gain energy Spells and supernatural/magical abilities: Name Level Category Fail Memory h - healing 1 healing 0% 93% x - extra healing 3 healing 47% 93% S - stone to flesh 3 healing 58% 93% W - pray for help -- divine ? -- Your skills at the end: Fighting Skills Weapon Skills knife [Basic] Spellcasting Skills healing spells [Basic] Final Attributes: You were fervently aligned. You were poison resistant. You had infravision. You were a wererat. You were very fast. You are dead. Vanquished creatures: a floating eye a dwarf a kobold lord 2 giant rats a yellow mold 3 gnome zombies 4 geckos 4 jackals 3 foxes 3 kobolds a goblin 6 sewer rats 3 grid bugs 2 bats a lichen a kobold zombie 3 newts 40 creatures vanquished. Voluntary challenges: You used a wielded weapon 15 times, starting on turn 867. You were illiterate. You never genocided any monsters. You never polymorphed an object. You never changed form. You used no wishes. You never split a pudding. You never wrote Elbereth's name. You never violated your personal moral code. Dungeon overview: The Dungeons of Doom: levels 1 to 2 Level 1 a long staircase Level 2 a hardware shop, a fountain stairs to The Gnomish Mines The Gnomish Mines: levels 3 to 5 Level 3 stairs to The Dungeons of Doom Level 4 Level 5 <- You were here History has recorded: On T:1 you entered the Dungeons of Doom to retrieve the Amulet of Yendor! On T:381 you reached level 2 of The Dungeons of Doom. On T:818 you reached level 1 of The Gnomish Mines. On T:1289 you reached level 2 of The Gnomish Mines. On T:1406 you reached level 3 of The Gnomish Mines. Score breakdown: Gold: 135 ( 7257 points) Experience: 1 level ( 0 points) Exploration: 5 levels ( 9.62%) ( 8401 points) Discoveries: 6 items ( 2.05%) ( 4300 points) Valuables value: (no points given unless you survive) Artifact value: 0 ( 0 points) Variety of kills: 17 monsters ( 4.46%) ( 6336 points) Turncount: 1547 turns ( 0 points) Survival: died (score multiplied by 80%) Total score: 21035 Latest messages: The giant rat misses Coco. Coco eats a sewer rat corpse. Coco misses the giant rat. Coco bites the giant rat. The giant rat is killed! Coco misses the giant rat. You hear crashing rock. The giant rat just misses! Coco bites the giant rat. The giant rat is killed! You hear crashing rock. (2x) You see here 2 violet gems. A cloud of gas puts you to sleep! You are hit! You wake up. You see here a runed dagger. A cloud of gas puts you to sleep! It hits! (5x) You die... The sack is empty. The sack is empty. Final status: Goodbye Elenmirie the Healer, killed by a hobbit, while sleeping... You died in The Gnomish Mines on dungeon level 5 with 21035 points, and 1247 pieces of gold, after 1547 moves. You were level 1 with a maximum of 21 hit points when you died.